 Dungeon Crawl Stone Soup version 0.30-a0-802-gb92711bcdf (webtiles) character file.

Game seed: 10363362192035867573

126 sircluck the Sneak (level 5, 0/31 HPs)
             Began as a Kobold Brigand on Feb 23, 2023.
             Slain by a gnoll
             ... wielding a +0 whip
              (8 damage)
             ... on level 3 of the Dungeon.
             The game lasted 00:04:56 (2574 turns).

sircluck the Sneak (Kobold Brigand)                 Turns: 2574, Time: 00:04:57

Health: 0/31       AC:  3    Str:  8    XL:     5   Next: 32%
Magic:  5/5        EV: 14    Int: 14    God:
Gold:   132        SH:  0    Dex: 19    Spells: 4/4 levels left

rFire   . . .      SeeInvis +    q - +4 rapier of Distraction {vamp, rElec rF- rN+ Int+2}
rCold   . . .      Faith    .    (no shield)
rNeg    + . .      Spirit   .    b - +0 robe
rPois   .          Reflect  .    (no helmet)
rElec   +          Harm     .    c - +0 cloak
rCorr   .          Rampage  .    (no gloves)
Will    .....                    (no boots)
Stlth   +++++                    (no amulet)
HPRegen 0.25/turn                h - ring of protection from fire
MPRegen 0.09/turn                l - ring of see invisible

@: no status effects
A: small, no large weapons, nightstalker 3
a: no special abilities


You were on level 3 of the Dungeon.
You visited 1 branch of the dungeon, and saw 4 of its levels.

You collected 132 gold pieces.

Inventory:

Hand Weapons
 a - a +2 dagger
 q - the +4 rapier of Distraction (weapon) {vamp, rElec rF- rN+ Int+2}
   (You found it on level 2 of the Dungeon)

   Int:       It affects your intelligence (+2).
   rF:        It makes you vulnerable to fire.
   rElec:     It insulates you from electricity.
   rN:        It protects you from negative energy.
Missiles
 d - 3 poisoned darts (quivered)
 e - 3 curare-tipped darts
Armour
 b - a +0 robe (worn)
 c - a +0 cloak (worn)
Jewellery
 h - a ring of protection from fire (left hand)
 l - a ring of see invisible (right hand)
 r - a ring of fire
Scrolls
 i - 2 scrolls of enchant armour
 k - 3 scrolls of identify
Potions
 j - a potion of resistance {unknown}
 n - a potion of brilliance {unknown}
 p - a potion of attraction {unknown}


   Skills:
 + Level 2.7 Fighting
 + Level 3.5 Short Blades
 + Level 3.8 Throwing
 + Level 1.8 Dodging
 + Level 6.5 Stealth


You had 4 spell levels left.
You didn't know any spells.
Your spell library contained the following spells:

 Spells                   Type           Power      Damage    Failure   Level
 Magic Dart               Conj           0%         1d3       28%         1
 Call Imp                 Summ           0%         N/A       41%         2
 Mephitic Cloud           Conj/Pois/Air  0%         N/A       65%         3


Dungeon Overview and Level Annotations

Branches:
Dungeon (4/15)
 Temple: D:4-7

Altars:


Innate Abilities, Weirdness & Mutations

You are small and have problems with some larger weapons.
You are completely attuned to the shadows.


Message History

The gnoll misses you.
It was a potion of curing.
You feel better. The gnoll closely misses you.
The gnoll hits you with a +0 club. The gnoll attacks as you move away!
The gnoll hits you with a +0 club.
* * * LOW HITPOINT WARNING * * *
You hit the gnoll.
The gnoll is moderately wounded.
The gnoll hits you with a +0 club.
* * * LOW HITPOINT WARNING * * *
You barely miss the gnoll.
The gnoll is moderately wounded.
The gnoll closely misses you.
You hit the gnoll.
You feel better.
The gnoll is severely wounded.
The gnoll completely misses you.
You completely miss the gnoll.
The gnoll is severely wounded.
You barely miss the gnoll.
The gnoll is severely wounded.
The gnoll misses you.
You barely miss the gnoll.
The gnoll is severely wounded.
The gnoll misses you. The gnoll hits you with a +0 whip!
* * * LOW HITPOINT WARNING * * *
You hit the gnoll.
You feel better.
You kill the gnoll!
The gnoll barely misses you. The gnoll attacks as you move away!
The gnoll misses you.
You see here a +0 hand axe.
Found a blackened zirconium amulet.
The gnoll attacks as you move away! The gnoll hits you with a +0 whip.
* * * LOW HITPOINT WARNING * * *
The gnoll attacks as you move away! The gnoll barely misses you.
The gnoll attacks as you move away! The gnoll barely misses you.
The gnoll attacks as you move away! The gnoll misses you.
You hit the gnoll but do no damage. The gnoll hits you with a +0 whip.
* * * LOW HITPOINT WARNING * * *
The gnoll barely misses you. The gnoll hits you with a +0 whip!
You die...

**,* *,,** *,,,,,** *,,,#)....
**,****,,***,,**** *,,,#.g...
*,,,,,,,,,,,,,* **,**##g#.#
***,,*******,,,** *,,* #.#,#
,,,,,,* ##...#######..# #.#,*
,****,* *#.....##......# ##.#,*
,* *,* **..............###..#,*
,* *,* *,...............#..##,*
,* *,* *,.....@g.....)...)##*,*
,* *,* *,.....g..........## *,*
,** *,** *>................####,*
,,***,,***,...................#,.
,,,,,,,,*,,......."....[...##..#.
,,,,**,,*,*,,,,,,,,,.....†.#**...
*,,,,,,,,,**,,,,,,,,.....†.# ##..
***,,*,,,,,,,,,,,,,,.......###>..
**,,,,,*****,*,,,,.......##....


You could see 2 gnolls.

Vanquished Creatures
  2 gnolls (D:3)
  An adder (D:2)
  3 worms (D:2)
  2 dart slugs (D:2)
  3 endoplasms
  4 giant cockroaches
  7 goblins
  3 hobgoblins
  4 jackals (D:3)
  4 kobolds
  2 quokkas (D:1)
  6 ball pythons
  2 bats
  5 rats
48 creatures vanquished.

Vanquished Creatures (collateral kills)
  An orc priest (D:3)
  2 orcs (D:3)
  A goblin (D:3)
4 creatures vanquished.

Grand Total: 52 creatures vanquished

Notes
Turn   | Place    | Note
-------+----------+-------------------------------------------
     0 | D:1      | sircluck the Kobold Brigand began the quest for the Orb.
     0 | D:1      | Reached XP level 1. HP: 12/12 MP: 1/1
   128 | D:1      | Reached XP level 2. HP: 7/18 MP: 2/2
  1043 | D:1      | You fall into a shaft and drop 1 floor!
  1058 | D:2      | Reached XP level 3. HP: 22/22 MP: 3/3
  1228 | D:2      | Reached skill level 6 in Stealth
  1460 | D:2      | Reached XP level 4. HP: 27/27 MP: 4/4
  1668 | D:2      | Identified the +4 rapier of Distraction {vamp, rElec rF-
                  | rN+ Int+2}
  2417 | D:3      | Noticed a scorpion
  2514 | D:3      | Reached XP level 5. HP: 31/31 MP: 5/5
  2574 | D:3      | Slain by a gnoll

Illustrated notes

Levels and vault maps discovered:
D:1:      lightli_arrival_farm, layout_basic, minivault_23
D:2:      layout_basic
D:3:      layout_rooms
D:4:      layout_loops_corners, nicolae_ru_awakened_eye,
          lemuel_zombie_altar_yredelemnul, tso_oasis_becter, serial_shops, shop,
          minmay_three_crescents, uniq_grinder

Skill      XL: |  1  2  3 |
---------------+----------+-----
Stealth        | 6 |  6.5
Short Blades   | 3 |  3.5
Throwing       | 3 |  3.8
Fighting       | |  2.7
Dodging        | |  1.8

Action                     |  1- 3 |  4- 6 || total
---------------------------+-------+-------++-------
  Melee: Dagger            |    68 |    13 ||    81
         Rapier            |       |    18 ||    18
  Throw: Dart              |    45 |    16 ||    61
    Use: Scroll            |       |     4 ||     4
         Potion            |       |     1 ||     1
   Stab: Sleeping          |     9 |     6 ||    15
 Armour: Robe              |    17 |       ||    17
  Dodge: Dodged            |    39 |    24 ||    63

Table legend: (Time is in decaauts)
 A = Elapsed time spent in this place.
 B = Non-inter-level travel time spent in this place.
 C = Inter-level travel time spent in this place.
 D = Time resting spent in this place.
 E = Time spent auto-exploring this place.
 F = Levels seen in this place.
 G = Mean time per level.
                   A        B        C        D        E       F      G
               +--------+--------+--------+--------+--------+-----+--------+
         Total |   2591 |   2482 |    109 |      0 |   1967 |   4 |  647.8 |
       Dungeon |   2591 |   2482 |    109 |      0 |   1967 |   4 |  647.8 |
               +--------+--------+--------+--------+--------+-----+--------+

Top non-repeatable levels by time:
     D:2: 1396 daAuts
     D:1: 1072 daAuts
     D:3: 120 daAuts
     D:4: 1 daAuts
